 Dungeon Crawl Stone Soup version 0.20.1-1-g8b1a95d (webtiles) character file.

38 Knicklaso the Chiller (level 3, -7/26 HPs)
             Began as a Ghoul Ice Elementalist on July 18, 2017.
             Mangled by a gnoll
             ... wielding a +0 halberd
              (10 damage)
             ... on level 2 of the Dungeon.
             The game lasted 00:06:22 (862 turns).

Knicklaso the Chiller (Ghoul Ice Elementalist)       Turns: 862, Time: 00:06:22

Health: -7/26      AC:  2    Str: 11    XL:     3   Next: 43%
Magic:  2/5        EV: 12    Int: 11    God:
Gold:   71         SH:  0    Dex:  9    Spells: 5/6 levels left

rFire    . . .     SeeInvis .     - Unarmed
rCold    + . .     Gourm    .   (no shield)
rNeg     + + +     Faith    .   a - +0 robe
rPois    ∞         Spirit   .   (no helmet)
rElec    .         Reflect  .   (no cloak)
rCorr    .         Harm     .   (no gloves)
MR       .....                  (no boots)
Stlth    ++........             (no amulet)
Regen    0.0/turn               (no ring)
MPRegen  0.1/turn               (no ring)

@: rotting
A: rotting body, claws 1, carnivore 3, cold resistance 1, negative energy
resistance 3, inhibited regeneration, torment resistance, unbreathing
a: no special abilities


You were on level 2 of the Dungeon.
You were not hungry.

You visited 1 branch of the dungeon, and saw 2 of its levels.

You collected 71 gold pieces.

Inventory:

Armour
 a - a +0 robe (worn)
 j - a +1 buckler of reflection
Scrolls
 f - a scroll of recharging {unknown}
 h - 3 scrolls of identify {unknown}
 k - a scroll of enchant weapon {unknown}
Potions
 d - a potion of might {unknown}
 e - a potion of curing {unknown}
Books
 b - a book of Frost

   Spells                             Type                      Level
   a - Freeze                         Ice                          1
   b - Throw Frost                    Conjuration/Ice              2
   c - Ozocubu's Armour               Charms/Ice                   3
   d - Throw Icicle                   Conjuration/Ice              4
   e - Summon Ice Beast               Ice/Summoning                4
Comestibles
 c - a meat ration
 g - a royal jelly
 i - 6 chunks of flesh


   Skills:
 - Level 1.7 Dodging
 - Level 2.1 Stealth
 + Level 1.8 Unarmed Combat
 + Level 2.3 Spellcasting
   Level 0.7 Conjurations
 + Level 3.8 Ice Magic


You had 5 spell levels left.
You knew the following spells:

 Your Spells              Type           Power        Failure   Level  Hunger
a - Freeze                Ice            #...         6%          1    ##.....


Dungeon Overview and Level Annotations

Branches:
Dungeon (2/15)

Altars:


Innate Abilities, Weirdness & Mutations

Your body is rotting away.
You thrive on raw meat.
You are immune to poison.
You have sharp fingernails.
You are carnivorous and can eat meat at any time.
Your flesh is cold resistant. (rC+)
You are immune to negative energy. (rN+++)
You do not regenerate when monsters are visible.
You are immune to unholy pain and torment.
You can survive without breathing.


Message History

The gnoll hits you with a halberd!
Ouch! That really hurt!
* * * LOW HITPOINT WARNING * * *
Casting: Freeze
Confirm with . or Enter, or press ? or * to list all spells.
Aiming: Freeze
Press: ? - help, Shift-Dir - straight line, f/p - gnoll
Aim: a gnoll, wielding a halberd (lightly wounded)
You freeze the gnoll.
The gnoll is heavily wounded.
The gnoll barely misses you.
Casting: Freeze
Confirm with . or Enter, or press ? or * to list all spells.
Aiming: Freeze
Press: ? - help, Shift-Dir - straight line, f/p - gnoll
Aim: a gnoll, wielding a halberd (heavily wounded)
You freeze the gnoll.
The gnoll is almost dead.
The gnoll hits you with a halberd!
You die...

### ###.#
..#.################
#.#..>..............
#.#.###############.
#.#@# #. #.###.#g#
#. #.......# . #.
#####.####.... #.
#......... ####
#####S.g.. .... ...
### .


You could see a gnoll.

Vanquished Creatures
  An adder (D:2)
  2 dart slugs
  A leopard gecko (D:1)
  2 bats
  2 giant cockroaches (D:2)
  2 goblins
  4 hobgoblins (D:1)
  A frilled lizard (D:1)
  3 kobolds (D:1)
  6 rats
24 creatures vanquished.

Notes
Turn   | Place    | Note
-------+----------+-------------------------------------------
     0 | D:1      | Knicklaso the Ghoul Ice Elementalist began the quest for the Orb.
     0 | D:1      | Reached XP level 1. HP: 14/14 MP: 2/2
   166 | D:1      | Reached XP level 2. HP: 16/20 MP: 0/3
   211 | D:1      | Reached skill level 1 in Unarmed Combat
   755 | D:2      | Reached XP level 3. HP: 26/26 MP: 2/5
   862 | D:2      | Mangled by a gnoll

Skill      XL: |  1  2 |
---------------+-------+-----
Unarmed Combat | 1 |  1.8
Spellcasting   | 2 |  2.3
Dodging        | |  1.7
Stealth        | |  2.1
Conjurations   | |  0.7
Ice Magic      | |  3.8

Action                   || total
-------------------------++-------
Melee: Unarmed           ||    44
 Cast: Freeze            ||    27
 Stab: Sleeping          ||     5
  Eat: Chunk             ||     8
Armor: Robe              ||    10
Dodge: Dodged            ||    25
